 Seeded DCSS version 0.29-a0-322-g68df515428 (webtiles) character file.

Game seed: 14606564475378889005 (custom seed)

2385037 rocky1 the Slayer (level 27, 258/258 HPs)
             Began as a Demonspawn Fighter on Apr 4, 2022.
             Was the Champion of Okawaru.
             Escaped with the Orb
             ... and 4 runes on Apr 8, 2022!
             The game lasted 05:03:53 (68189 turns).

rocky1 the Slayer (Demonspawn Fighter)             Turns: 68189, Time: 05:03:53

Health: 258/258    AC: 46    Str: 37    XL:     27
Magic:  34/34      EV: 17    Int: 17    God:    Okawaru [******]
Gold:   5469       SH: 21    Dex: 14    Spells: 41/41 levels left

rFire   + + .      SeeInvis .   a - +8 mithril axe "Arga" {speed, Will+}
rCold   + + .      Faith    .   Q - +1 kite shield {reflect}
rNeg    + . .      Spirit   +   t - +3 gold dragon scales
rPois   +          Reflect  +   (helmet unavailable)
rElec   +          Harm     .   A - scarf {rC+ rF+}
rCorr   +          Rampage  .   O - +2 pair of gloves {Str+3}
Will    +++++                   J - +1 pair of boots of Circular Logic {Str+4}
Stlth   ..........              h - amulet of Cymiqu {rPois rN+ Regen+ Str+3 Slay+2}
HPRegen 0.00/turn               d - ring of Zin's Whim {Drain rElec Will+ Str+3 Int+6}
MPRegen 0.48/turn               K - ring of resist corrosion

@: inhibited regen, studying 4 skills
A: horns 3, slimy green scales 3, hurl damnation, icemail 2, torment resistance
1, magic shield, magic regeneration, magic link, condensation shield, demonic
willpower, talons 1, dopey 1, robust 1, inhibited regeneration, weak 1,
devolution 1
0: Orb of Zot
}: 4/15 runes: decaying, serpentine, slimy, silver
a: Hurl Damnation, Renounce Religion, Heroism, Finesse, Duel


You escaped.
You worshipped Okawaru.
Okawaru was exalted by your worship.
You visited 12 branches of the dungeon, and saw 57 of its levels.
You also visited: Trove, Ossuary and Ice Cave.

You collected 10811 gold pieces.
You spent 5342 gold pieces at shops.

Inventory:

Hand Weapons
 a - the +8 mithril axe "Arga" (weapon) {speed, Will+}
   (You found it on level 2 of the Dungeon)

   Attacks with this weapon are significantly faster.
   Will:      It increases your willpower.
 b - a +8 broad axe of freezing
 p - the +14 obsidian axe {vorpal, Mesm Drain Fly SInv}
   (Okawaru gifted it to you on level 1 of the Crypt)

   It inflicts extra damage upon your enemies.
   It occasionally summons demons to assist the wielder when it strikes in
   combat.
   Its wielder is mesmerised by any visible foes.
   It cannot be unequipped while any foes are visible.
   SInv:      It lets you see invisible.
   Fly:       It grants you flight.
   Drain:     It drains your maximum health when unequipped.
 F - the +9 broad axe "Jetus" {flame, rF+ Int+2}
   (Okawaru gifted it to you on level 1 of the Pits of Slime)

   It burns those it strikes, dealing additional fire damage.
   Big, fiery blades are also staple armaments of hydra-hunters.
   Int:       It affects your intelligence (+2).
   rF:        It protects you from fire.
Missiles
 B - 8 javelins
 P - 15 curare-tipped darts (quivered)
Armour
 e - a +2 pair of gloves of dexterity
 t - +3 gold dragon scales (worn)
 y - the +9 crystal plate armour "Poliamub" {Int+5}
   (Okawaru gifted it to you on level 3 of the Depths)

   Int:       It affects your intelligence (+5).
 z - the +0 kite shield of Sif Muna's Delight {rC++ Int+3 Dex-3}
   (You found it on level 10 of the Dungeon)

   Int:       It affects your intelligence (+3).
   Dex:       It affects your dexterity (-3).
   rC:        It greatly protects you from cold.
 A - a scarf of resistance (worn)
 J - the +1 pair of boots of Circular Logic (worn) {Str+4}
   (You found it on level 3 of the Vaults)

   Str:       It affects your strength (+4).
 O - a +2 pair of gloves of strength (worn)
 Q - a +1 kite shield of reflection (worn)
Jewellery
 d - the ring of Zin's Whim (left hand) {Drain rElec Will+ Str+3 Int+6}
   (You found it on level 5 of the Lair of Beasts)

   [ring of intelligence]

   Str:       It affects your strength (+3).
   Int:       It affects your intelligence (+6).
   rElec:     It insulates you from electricity.
   Drain:     It drains your maximum health when unequipped.
   Will:      It increases your willpower.
 f - the ring of Tug Nyoq {rN+ Will++ Str+2}
   (You bought it in a shop on level 2 of the Orcish Mines)

   [ring of positive energy]

   Str:       It affects your strength (+2).
   rN:        It protects you from negative energy.
   Will:      It greatly increases your willpower.
 h - the amulet of Cymiqu (around neck) {rPois rN+ Regen+ Str+3 Slay+2}
   (You took it off a deep elf death mage on level 3 of the Elven Halls)

   [amulet of regeneration]

   Str:       It affects your strength (+3).
   Slay:      It affects your accuracy & damage with ranged weapons and melee
   (+2).
   rPois:     It protects you from poison.
   rN:        It protects you from negative energy.
   Regen:     It increases your rate of health regeneration.
 K - a ring of resist corrosion (right hand)
 V - a ring of flight
Wands
 c - a wand of iceblast (83)
 k - a wand of mindburst (47)
 w - a wand of paralysis (45)
 C - a wand of digging (38)
 G - a wand of polymorph (4)
 H - a wand of flame (42)
 N - a wand of acid (19)
Scrolls
 l - 7 scrolls of blinking
 m - 11 scrolls of fog
 n - 24 scrolls of teleportation
 u - 4 scrolls of silence
 E - 6 scrolls of magic mapping
 M - 12 scrolls of immolation
 R - 16 scrolls of fear
Potions
 g - 10 potions of flight
 i - 4 potions of cancellation
 j - 6 potions of invisibility
 o - 7 potions of might
 r - 10 potions of lignification
 s - 4 potions of resistance
 v - 23 potions of curing
 x - 8 potions of ambrosia
 D - 10 potions of haste
 I - 5 potions of magic
 T - 15 potions of heal wounds
 Y - 7 potions of berserk rage
Miscellaneous
 L - a lightning rod (4/4)
 S - a condenser vane
 U - a phial of floods
 Z - a tin of tremorstones (2/2)


   Skills:
 - Level 23.1 Fighting
 - Level 17.8(18.0) Axes
 - Level 3.3(12.1) Maces & Flails
 - Level 22.0 Armour
 + Level 21.6 Dodging
 - Level 22.0 Shields
 + Level 7.5 Spellcasting
 + Level 13.9 Invocations
 + Level 19.5 Evocations


You had 41 spell levels left.
You didn't know any spells.
Your spell library contained the following spells:

 Spells                   Type           Power      Damage    Failure   Level
 Apportation              Tloc           12%        N/A       63%         1
 Beastly Appendage        Tmut           12%        N/A       63%         1
 Foxfire                  Conj/Fire      24%        2x1d5     63%         1
 Magic Dart               Conj           24%        1d4       63%         1
 Pain                     Necr           24%        1d5       63%         1
 Sandblast                Erth           12%        2d6       63%         1
 Shock                    Conj/Air       24%        1d4       63%         1
 Blink                    Tloc           12%        N/A       77%         2
 Corpse Rot               Necr/Air       12%        N/A       77%         2
 Ensorcelled Hibernation  Hex/Ice        12%        N/A       77%         2
 Passwall                 Tmut/Erth      5%         N/A       77%         2
 Poisonous Vapours        Pois/Air       12%        N/A       77%         2
 Scorch                   Fire           12%        2d5       77%         2
 Searing Ray              Conj           12%        2d4       77%         2
 Static Discharge         Conj/Air       6%         N/A       77%         2
 Sublimation of Blood     Necr           6%         N/A       77%         2
 Wereblood                Tmut           6%         N/A       77%         2
 Conjure Flame            Conj/Fire      6%         6-21      94%         3
 Gell's Gravitas          Tloc           6%         N/A       94%         3
 Ignite Poison            Fire/Tmut/Pois 6%         N/A       94%         3
 Inner Flame              Hex/Fire       6%         N/A       94%         3
 Lesser Beckoning         Tloc           6%         N/A       94%         3
 Mephitic Cloud           Conj/Pois/Air  6%         N/A       94%         3
 Ozocubu's Armour         Ice            6%         N/A       94%         3
 Portal Projectile        Hex/Tloc       12%        N/A       94%         3
 Spider Form              Tmut/Pois      6%         N/A       94%         3
 Stone Arrow              Conj/Erth      12%        3d7       94%         3
 Swiftness                Air            6%         N/A       94%         3
 Teleport Other           Tloc           6%         N/A       94%         3
 Vampiric Draining        Necr           6%         2d6       94%         3
 Airstrike                Air            3%         N/A       100%        4
 Anguish                  Hex/Necr       3%         N/A       100%        4
 Cause Fear               Hex            3%         N/A       100%        4
 Dispel Undead            Necr           6%         3d8       100%        4
 Flame Wave               Conj/Fire      6%         2d5       100%        4
 Fulminant Prism          Conj/Hex       3%         3d6       100%        4
 Iskenderun's Mystic Bla  Conj/Tloc      6%         2d4       100%        4
 Leda's Liquefaction      Hex/Erth       3%         N/A       100%        4
 Passage of Golubria      Tloc           6%         N/A       100%        4
 Petrify                  Tmut/Erth      6%         N/A       100%        4
 Sticky Flame             Conj/Fire      6%         2d3       100%        4
 Agony                    Necr           6%         N/A       100%        5
 Blade Hands              Tmut           3%         N/A       100%        5
 Excruciating Wounds      Necr           3%         N/A       100%        5
 Freezing Cloud           Conj/Ice/Air   3%         6-21      100%        5
 Irradiate                Conj/Tmut      3%         3d14      100%        5
 Iskenderun's Battlesphe  Conj           6%         2d6       100%        5
 Lee's Rapid Deconstruct  Erth           3%         3d6*      100%        5
 Lightning Bolt           Conj/Air       3%         1d14      100%        5
 Metabolic Englaciation   Hex/Ice        3%         N/A       100%        5
 Silence                  Hex/Air        3%         N/A       100%        5
 Dispersal                Tloc           3%         N/A       100%        6
 Eringya's Noxious Bog    Tmut/Pois      3%         N/A       100%        6
 Iron Shot                Conj/Erth      3%         9d2       100%        6
 Starburst                Conj/Fire      3%         6d3       100%        6
 Statue Form              Tmut/Erth      4%         N/A       100%        6
 Dragon Form              Tmut           3%         N/A       100%        7
 Enfeeble                 Hex            3%         N/A       100%        7
 Ozocubu's Refrigeration  Ice            3%         4d5       100%        7
 Borgnjor's Revivificati  Necr           3%         N/A       100%        8
 Discord                  Hex            3%         N/A       100%        8
 Ignition                 Fire           3%         3d4       100%        8
 Lehudib's Crystal Spear  Conj/Erth      3%         10d2      100%        8
 Maxwell's Capacitive Co  Air            3%         ∞         100%        8
 Necromutation            Tmut/Necr      3%         N/A       100%        8
 Death's Door             Necr           3%         N/A       100%        9
 Polar Vortex             Ice            3%         N/A       100%        9
 Animate Skeleton         Necr           Unusable   N/A       N/A         1
 Summon Small Mammal      Summ           Unusable   N/A       N/A         1
 Tukima's Dance           Hex            Unusable   N/A       N/A         3
 Animate Armour           Summ/Erth      Unusable   N/A       N/A         4
 Summon Lightning Spire   Summ/Air       Unusable   N/A       N/A         4
 Summon Forest            Summ/Tloc      Unusable   N/A       N/A         5
 Death Channel            Necr           Unusable   N/A       N/A         6
 Simulacrum               Ice/Necr       Unusable   N/A       N/A         6
 Summon Cactus Giant      Summ           Unusable   N/A       N/A         6
 Malign Gateway           Summ/Tloc      Unusable   N/A       N/A         7
 Spellforged Servitor     Conj/Summ      Unusable   N/A       N/A         7
 Summon Hydra             Summ           Unusable   N/A       N/A         7
 Dragon's Call            Summ           Unusable   N/A       N/A         9

Dungeon Overview and Level Annotations

Branches:
Dungeon (15/15)            Temple (1/1) D:6            Lair (6/6) D:9
  Swamp (4/4) Lair:4        Snake (4/4) Lair:4        Slime (5/5) Lair:6
    Orc (2/2) D:11            Elf (3/3) Orc:2        Vaults (5/5) D:13
  Crypt (3/3) Vaults:2       Tomb (0/3) Crypt:3      Depths (4/4) D:15
    Zot (5/5) Depths:4    Ossuary (visited)           IceCv (visited)

Altars:
Ashenzari
Cheibriados
Dithmenos
Elyvilon
Fedhas
Gozag
Hepliaklqana
Kikubaaqudgha
Makhleb
Nemelex Xobeh
Okawaru
Qazlal
Ru
Sif Muna
Trog
Uskayaw
Vehumet
Wu Jian
Xom
Yredelemnul
Zin
The Shining One
Jiyva

Shops:
D:5 (   D:6 ?   D:7 [   D:8 :   Orc:1 *   Orc:2 =!*[   Elf:2 (   Snake:2 ?
Vaults:1 (   Vaults:2 [   Depths:1 !

Portals:
Hell: Lair:6 Depths:1 Depths:2 Depths:3 Depths:4
Abyss: Depths:1 Depths:3
Pandemonium: Depths:2
Ziggurat: Depths:1

Annotations:
D:12 2 runed translucent doors


Innate Abilities, Weirdness & Mutations

You have a pair of large horns on your head.
You are completely covered in slimy green scales. (AC +4, rPois)
You can hurl damnation.
A meltable icy envelope protects you from harm. (AC +8)
You are resistant to unholy torment.
When hurt, damage is shared between your health and your magic reserves.
You regenerate magic rapidly.
When low on magic, you restore magic in place of health.
A meltable shield of frost defends you. (SH +4)
You punish those that try to bend your will. (Will+)
You have sharp toenails.
You are dopey. (Int -2)
You are robust. (+10% HP)
You do not regenerate when monsters are visible.
You are weak. (Str -2)
You have hidden genetic defects.


Message History

You slash the Brimstone Fiend!
You headbutt the Brimstone Fiend, but do no damage.
The Brimstone Fiend is heavily wounded.
You chop the Brimstone Fiend into pieces!!!
You kill the Brimstone Fiend!
Okawaru accepts your kill.
No target in view!
No target in view!
There is a stone staircase leading up here.
You climb upwards.
There is a stone staircase leading down here.
You start resting.
You feel like a meek peon again.
There is an open door here.
There is an escape hatch in the ceiling here.
A mysterious force pulls you upwards. The hatch slams shut behind you.
HP restored.
A neqoxec comes into view.
The neqoxec shouts!
You block the neqoxec's attack.
You slash the neqoxec!
The neqoxec is heavily wounded.
You closely miss the neqoxec. Your headbutt misses the neqoxec.
The neqoxec is heavily wounded.
The neqoxec misses you.
You barely miss the neqoxec. Your headbutt misses the neqoxec.
The neqoxec is heavily wounded.
You slice the neqoxec!!
You kill the neqoxec!
Okawaru accepts your kill.
No target in view!
A ynoxinul comes into view.
You carve the ynoxinul like a ham!!!
You kill the ynoxinul!
Okawaru accepts your kill.
No target in view!
There is an open door here.
A chaos spawn comes into view.
There is a staircase leading out of the dungeon here.
You have escaped!

#...#
#...#≈.≈#≈≈§#
#...#
#...#4.≈#§§.#
#####
#...#≈.≈#§..#
#...#...#...#
#...........#
#...........#
#...........#
#...........#
#.....@..=..#
#...........#
#############


You could see a chaos spawn.

Vanquished Creatures
  A pandemonium lord (D:4)
  the Royal Jelly (Slime:5)
  4 dread liches
  4 ancient liches
  Mara (Snake:3)
  5 orbs of fire
  3 juggernauts
  Josephina (Crypt:2)
  Boris (thrice) (Vaults:4 Depths:1 Depths:3)
  Frederick (Vaults:3)
  Margery (Vaults:5)
  8 Killer Klowns
  5 caustic shrikes (Depths:1)
  Bai Suzhen (Snake:3)
  A curse toe (Zot:4)
  Nikola (Vaults:1)
  The ghost of Jetyrhek the Devastator, a veteran GrEE of Lugonu (Crypt:2)
  the Enchantress (Depths:3)
  9 golden dragons
  Jory (Vaults:4)
  3 bone dragons
  A Tzitzimitl (D:12)
  3 Brimstone Fiends
  6 electric golems
  Jorgrun (Snake:2)
  3 liches
  27 Orb Guardians
  19 tentacled monstrosities
  3 walking crystal tomes
  Zenata (Vaults:3)
  An Ice Fiend (Depths:4)
  4 walking divine tomes
  A walking earthen tome (Depths:3)
  Asterion (Vaults:1)
  4 titans
  22 acid blobs
  2 deep elf master archers (Elf:3)
  2 deep elf blademasters (Elf:3)
  8 death cobs
  A walking frostbound tome (Depths:3)
  9 quicksilver dragons
  6 sphinxes
  An ancient champion (Crypt:1)
  14 storm dragons
  A thorn hunter (Swamp:4)
  4 nagarajas
  13 azure jellies
  12 shadow dragons
  Donald (Elf:2)
  5 draconian monks
  8 tengu reavers
  2 orc warlords
  3 narguns (Zot:1)
  A daeva (D:12)
  12 rockslimes
  20 vault wardens
  6 fire giants
  3 draconian knights
  4 deep elf sorcerers
  An iron dragon (Vaults:5)
  2 ghost moths
  Louise (Swamp:2)
  9 frost giants
  Aizul (Snake:2)
  A balrug (Depths:3)
  A cacodemon (Depths:2)
  4 deep elf elementalists
  13 ironbound preservers
  A reaper (Crypt:2)
  3 draconian stormcallers
  2 draconian scorchers
  8 ghouls (Crypt:1)
  5 draconian shifters
  11 war gargoyles
  9 draconian annihilators
  A caustic shrike skeleton (Crypt:3)
  3 spriggan defenders (Depths:3)
  13 quicksilver oozes
  15 stone giants
  5 vampire knights
  21 very ugly things
  5 ironbound thunderhulks
  Nessos (D:12)
  A spectral titan (Crypt:2)
  11 white draconians
  9 deep elf annihilators
  An eleionoma (Swamp:3)
  7 purple draconians
  12 red draconians
  6 bunyips
  10 deep elf demonologists
  Azrael (Snake:3)
  A lorocyproca (D:4)
  24 dire elephants
  11 yellow draconians
  8 black draconians
  4 green draconians
  An entropy weaver (Vaults:4)
  A blizzard demon (Depths:3)
  11 ettins
  2 eidola (Crypt:1)
  4 crystal guardians
  14 great orbs of eyes
  Snorg (D:10)
  6 deep elf death magi
  5 jiangshi (Crypt:2)
  10 fire dragons
  A merfolk impaler (Depths:4)
  Fannar (D:11)
  3 spectral spriggans (Crypt:2)
  A shambling mangrove (Swamp:4)
  14 yaktaur captains
  5 rakshasas
  8 ice dragons
  8 deep elf high priests
  4 boulder beetles
  2 juggernaut simulacra (Crypt:2)
  3 salamander tyrants
  33 vault guards
  A caustic shrike simulacrum (Crypt:2)
  2 ghost crabs
  3 peacekeepers
  15 naga warriors
  A catoblepas (Lair:2)
  27 hydras
  6 spriggan air magi
  8 two-headed ogres
  6 anacondas
  A spriggan skeleton (Crypt:3)
  Erica (D:8)
  6 ironbound frosthearts
  A death knight (D:11)
  A catoblepas (shapeshifter) (Depths:1)
  2 ogre magi
  3 centaur warriors
  2 death yaks
  12 tengu warriors
  11 deep troll shamans
  5 deep troll earth magi
  8 alligators
  2 vampire magi
  6 shock serpents
  33 dancing weapons
  2 hell hogs (Depths:3)
  24 hell knights
  15 spriggan berserkers
  4 sun demons
  17 deep elf knights
  17 naga sharpshooters
  5 orc high priests
  27 skeletal warriors
  A titan skeleton (Crypt:3)
  8 soul eaters
  Amaemon (Lair:2)
  3 salamander mystics
  A spectral bunyip (Crypt:2)
  7 iron trolls
  A storm dragon skeleton (Crypt:1)
  3 shadow wraiths
  2 cherubim (D:14)
  A steelbarb worm (shapeshifter) (Depths:4)
  3 spriggan druids
  A large abomination (D:4)
  2 quicksilver dragon simulacra (Depths:3)
  13 swamp dragons
  A golden dragon zombie (Crypt:3)
  44 deep trolls
  A tengu zombie (Vaults:1)
  An orange crystal statue (Elf:3)
  4 flayed ghosts
  4 goliath frogs
  5 naga ritualists
  12 lindwurms
  5 bog bodies
  A glowing orange brain (Depths:3)
  19 ironbound convokers
  7 wizards
  6 phantasmal warriors
  A spriggan simulacrum (Crypt:2)
  12 deep elf archers
  7 harpies
  27 deep elf zephyrmancers
  A fenstrider witch simulacrum (Crypt:2)
  An orc sorcerer (Orc:2)
  5 mana vipers
  A tengu skeleton (Depths:2)
  An anaconda skeleton (Crypt:2)
  18 necromancers
  5 orc knights
  22 deep elf pyromancers
  34 ugly things
  A mana viper (shapeshifter) (Depths:4)
  A salamander (shapeshifter) (D:14)
  The ghost of BeKind the Chiller, a novice BaIE of Gozag (D:6)
  8 cyclopes
  9 shining eyes
  28 moths of wrath
  4 will-o-the-wisps
  10 elephants
  10 manticores
  11 salamanders
  35 black mambas
  16 naga magi
  A dire elephant zombie (Crypt:3)
  Joseph (D:8)
  A torpor snail (Lair:4)
  A gargoyle (D:10)
  A fire giant skeleton (Depths:2)
  5 guardian serpents
  A frost giant skeleton (D:15)
  15 vault sentinels
  4 eyes of devastation
  3 ice statues
  An orange demon (Lair:2)
  2 smoke demons
  An iron dragon skeleton (D:15)
  A human skeleton (Vaults:1)
  A rust devil (Depths:4)
  An elf skeleton (Vaults:1)
  A water nymph (shapeshifter) (Elf:1)
  2 alligator snapping turtle zombies (Crypt:3)
  22 cane toads
  2 unseen horrors
  An efreet (D:14)
  10 rime drakes
  5 ice devils
  A kobold demonologist (D:13)
  11 freezing wraiths
  A hydra zombie (Crypt:3)
  12 komodo dragons
  36 yaktaurs
  7 tengu conjurers
  A spectral deep troll (Crypt:2)
  3 red devils (Lair:6)
  A black draconian skeleton (Crypt:1)
  2 merfolk (shapeshifter) (Vaults:5)
  5 trolls
  2 wind drakes (shapeshifter)
  5 polar bears
  A tarantella (shapeshifter) (Elf:3)
  8 tyrant leeches
  14 hornets
  12 blink frogs
  A harpy skeleton (Crypt:2)
  A dream sheep (shapeshifter) (Vaults:5)
  3 spriggan zombies
  A radroach zombie (Crypt:1)
  128 slime creatures
  An ettin zombie (D:15)
  4 air elementals
  2 centaur simulacra
  A spriggan (shapeshifter) (Depths:1)
  33 flying skulls (Crypt:3)
  A fire dragon zombie (Crypt:3)
  12 spriggans
  2 shadows
  A vampire (D:12)
  2 ettin skeletons
  A ynoxinul (D:1)
  A dire elephant simulacrum (Crypt:2)
  An ice dragon skeleton (Crypt:1)
  6 water elementals
  5 wraiths
  60 yaks
  A basilisk (shapeshifter) (Depths:3)
  6 fire elementals
  5 basilisks
  3 wyverns
  A neqoxec (D:1)
  A redback (Vaults:4)
  7 golden eyes (Slime:3)
  27 humans
  A chaos spawn (Depths:2)
  21 vampire mosquitoes
  A redback (shapeshifter) (Vaults:5)
  3 steam dragons
  A death yak simulacrum (Lair:5)
  A harpy simulacrum (Crypt:2)
  15 swamp worms
  2 wargs
  A naga zombie (Crypt:3)
  60 nagas
  8 water moccasins
  An acid dragon (D:11)
  9 hell hounds
  A floating eye (Slime:3)
  A two-headed ogre skeleton (Crypt:3)
  A hydra simulacrum (Crypt:2)
  A cane toad skeleton (Crypt:2)
  8 swamp drakes
  3 ice beasts
  34 orc warriors
  2 sky beasts
  A manticore zombie (Crypt:1)
  5 black bears
  2 ettin simulacra (Depths:3)
  10 ogres
  19 wolves
  7 centaurs
  A hog zombie (Crypt:2)
  3 kobold brigands
  A fire crab zombie (Crypt:2)
  A hog skeleton (Crypt:1)
  3 elf zombies (Ossuary)
  6 necrophages
  A salamander zombie (Crypt:2)
  8 bullfrogs
  2 gnoll sergeants (D:9)
  A yaktaur skeleton (Crypt:1)
  7 scorpions
  17 wights
  17 killer bees
  A lindwurm simulacrum (IceCv)
  An electric eel (D:7)
  2 howler monkeys
  A hound (D:5)
  2 human zombies
  4 jellies
  7 komodo dragon simulacra (IceCv)
  28 orc priests
  8 iguanas
  7 hell rats (Lair:1)
  29 orc wizards
  A polar bear simulacrum (Lair:5)
  2 wolf simulacra (Lair:5)
  An acid dragon skeleton (Crypt:2)
  2 mummies (Ossuary)
  14 gnolls
  5 acid dragon simulacra (IceCv)
  15 adders
  2 shadow imps (D:8)
  3 white imps
  4 ufetubi
  8 steam dragon simulacra (IceCv)
  2 adder zombies (Ossuary)
  2 worms
  2 dart slugs (D:1)
  73 orcs
  11 ball pythons
  10 endoplasms
  5 giant cockroaches
  5 goblins
  7 hobgoblins
  8 kobolds
  6 quokkas
  3 training dummies (D:5)
  3 bats
  3 frilled lizards
  2 goblin zombies
  11 hobgoblin zombies (Ossuary)
  A jackal zombie (Ossuary)
  11 kobold zombies (Ossuary)
  4 orc zombies (Ossuary)
  9 rats
  A rat skeleton (Crypt:1)
  3 rat zombies (Ossuary)
  2 briar patches (Swamp:4)
2512 creatures vanquished.

Vanquished Creatures (others)
  A draconian knight (Zot:3)
  A rockslime (Slime:5)
  A purple draconian (Zot:5)
  A deep elf knight (Elf:3)
  A shadow wraith (Crypt:2)
  A necromancer (D:13)
  A manticore (shapeshifter) (Elf:2)
  3 bloated husks
  A tyrant leech (Swamp:1)
  A hornet (Swamp:4)
  A catoblepas simulacrum (Crypt:2)
  2 ettin simulacra (Depths:3)
  An orc (D:4)
  An endoplasm (D:4)
  A briar patch (Swamp:4)
  12 foxfires
  31 fungi
  49 plants
  2 withered plants (D:15)
112 creatures vanquished.

Grand Total: 2624 creatures vanquished

Notes
Turn   | Place    | Note
-------+----------+-------------------------------------------
     0 | D:1      | rocky1 the Demonspawn Fighter began the quest for the Orb.
     0 | D:1      | Reached XP level 1. HP: 18/18 MP: 1/1
   593 | D:1      | Gained mutation: A meltable shield of frost defends you.
                  | (SH +4) [demonic ancestry]
   593 | D:1      | Reached XP level 2. HP: 24/24 MP: 2/2
   658 | D:1      | Found a faded altar of an unknown god.
  1093 | D:1      | Reached XP level 3. HP: 29/29 MP: 3/3
  1546 | D:2      | Gained mutation: A meltable icy envelope protects you from
                  | harm. (AC +8) [demonic ancestry]
  1546 | D:2      | Reached XP level 4. HP: 35/35 MP: 4/4
  1652 | D:2      | Found the +8 mithril axe "Arga" {speed, Will+}
  2402 | D:4      | Noticed a black bear
  2408 | D:4      | Gained mutation: You are partially covered in slimy green
                  | scales. (AC +2) [demonic ancestry]
  2408 | D:4      | Reached XP level 5. HP: 30/41 MP: 5/5
  2411 | D:4      | Killed a black bear
  2493 | D:4      | Found a sand-covered staircase.
  2503 | Ossuary  | Entered an ossuary
  2848 | Ossuary  | Gained mutation: You have a pair of small horns on your
                  | head. [demonic ancestry]
  2848 | Ossuary  | Reached XP level 6. HP: 47/47 MP: 6/6
  2965 | Ossuary  | Reached skill level 5 in Axes
  3141 | Ossuary  | Gained mutation: You have a pair of horns on your head.
                  | [demonic ancestry]
  3141 | Ossuary  | Reached XP level 7. HP: 41/52 MP: 7/7
  3444 | D:4      | Reached skill level 5 in Shields
  4198 | D:4      | Noticed a wyvern
  4204 | D:4      | Killed a wyvern
  4205 | D:4      | Gained mutation: You are mostly covered in slimy green
                  | scales. (AC +3) [demonic ancestry]
  4205 | D:4      | Reached XP level 8. HP: 36/58 MP: 8/8
  4596 | D:5      | Entered Level 5 of the Dungeon
  4886 | D:5      | Found Junemnigh's Firing Range.
  5028 | D:5      | Identified the +0 buckler of Clean Joy {rC+}
  5527 | D:6      | Found a runed translucent door.
  5527 | D:6      | Noticed BeKind's ghost (novice BaIE)
  5559 | D:6      | Found a staircase to the Ecumenical Temple.
  5575 | D:6      | Identified the +3 scale mail of Lollura {Regen+}
  5605 | Temple   | Entered the Ecumenical Temple
  5858 | Temple   | Became a worshipper of Warmaster Okawaru
  5914 | D:6      | Killed BeKind's ghost
  5915 | D:6      | Reached XP level 9. HP: 63/63 MP: 9/9
  6145 | D:6      | Found a hazy altar of Hepliaklqana.
  6243 | D:6      | Found Feroe's Magic Scroll Emporium.
  6249 | D:6      | Reached skill level 1 in Invocations
  6251 | D:6      | Reached * piety under Okawaru
  6268 | D:6      | Bought a scroll of teleportation for 39 gold pieces
  6268 | D:6      | Bought a scroll of identify for 26 gold pieces
  6268 | D:6      | Bought a scroll of enchant weapon for 97 gold pieces
  6268 | D:6      | Bought a scroll of identify for 26 gold pieces
  6268 | D:6      | Bought a scroll of fog for 26 gold pieces
  6816 | D:7      | Found a blossoming altar of Fedhas.
  6855 | D:7      | Noticed a two-headed ogre
  6864 | D:7      | Killed a two-headed ogre
  6864 | D:7      | Reached ** piety under Okawaru
  6865 | D:7      | Reached skill level 5 in Invocations
  6901 | D:7      | Killed an unseen horror
  7020 | D:7      | Found Reaniem's Armour Shop.
  7132 | D:7      | Reached XP level 10. HP: 63/70 MP: 14/14
  7476 | D:8      | Reached *** piety under Okawaru
  7532 | D:8      | Noticed a two-headed ogre
  7536 | D:8      | Noticed Joseph
  7544 | D:8      | Killed a two-headed ogre
  7545 | D:8      | Reached skill level 10 in Shields
  7552 | D:8      | Killed Joseph
  7553 | D:8      | Reached skill level 1 in Maces & Flails
  7553 | D:8      | Reached skill level 1 in Dodging
  7698 | D:8      | Found Fehiuq's Self-Improvement Boutique.
  7855 | D:8      | Noticed a boulder beetle
  7880 | D:8      | Killed a boulder beetle
  7880 | D:8      | Reached **** piety under Okawaru
  7881 | D:8      | Reached skill level 4 in Fighting
  8031 | D:8      | Identified 2 scrolls of acquirement
  8292 | D:8      | Found a shimmering blue altar of Sif Muna.
  8601 | D:8      | Noticed Erica
  8611 | D:8      | Killed Erica
  8612 | D:8      | Reached XP level 11. HP: 59/78 MP: 15/15
  8630 | D:8      | Reached skill level 5 in Fighting
  9087 | D:9      | You fall into a shaft and drop 1 floor!
  9087 | D:10     | Entered Level 10 of the Dungeon
  9191 | D:10     | Noticed Snorg
  9198 | D:10     | Noticed a death yak
  9215 | D:10     | Killed Snorg
  9215 | D:10     | Reached ***** piety under Okawaru
  9216 | D:10     | Reached skill level 10 in Axes
  9219 | D:10     | Noticed a two-headed ogre
  9230 | D:10     | Killed a death yak
  9230 | D:10     | Identified the +0 plate armour of Honour {rPois rC- rN+}
                  | (Okawaru gifted it to you on level 10 of the Dungeon)
  9230 | D:10     | Received a gift from Okawaru
  9235 | D:10     | Killed a two-headed ogre
  9445 | D:10     | Found a large runed translucent door.
  9446 | D:10     | Found a large runed translucent door.
  9457 | D:10     | Found a radiant altar of Vehumet.
  9468 | D:10     | Found an ornate altar of the Wu Jian Council.
  9658 | D:10     | Identified the +0 kite shield of Sif Muna's Delight {rC++
                  | Int+3 Dex-3}
 10244 | D:9      | Found a hide-covered altar of Uskayaw.
 10450 | D:9      | Found a broken altar of Ashenzari.
 10498 | D:9      | Gained mutation: A meltable icy envelope protects you from
                  | harm. (AC +8) [demonic ancestry]
 10498 | D:9      | Reached XP level 12. HP: 74/86 MP: 16/16
 10858 | D:9      | Found a snail-covered altar of Cheibriados.
 10906 | D:9      | Found a staircase to the Lair.
 11165 | D:11     | Found a staircase to the Orcish Mines.
 11191 | D:11     | Noticed a two-headed ogre
 11198 | D:11     | Killed a two-headed ogre
 11460 | D:11     | Noticed a death knight
 11473 | D:11     | Killed a death knight
 11473 | D:11     | Identified the +0 ring mail of Okawaru's Condemnation {rN+
                  | Int+7 Slay-6} (Okawaru gifted it to you on level 11 of the
                  | Dungeon)
 11473 | D:11     | Received a gift from Okawaru
 11637 | D:11     | Noticed Fannar
 11654 | D:11     | Killed Fannar
 12172 | D:12     | Noticed a two-headed ogre
 12173 | D:12     | Found a large runed translucent door.
 12173 | D:12     | Found a large runed translucent door.
 12179 | D:12     | Killed a two-headed ogre
 12180 | D:12     | Noticed a six-headed hydra
 12184 | D:12     | Found a large runed translucent door.
 12184 | D:12     | Found a large runed translucent door.
 12205 | D:12     | Killed a one-headed hydra
 12229 | D:12     | Identified the +5 scimitar of Howaal {speed, rPois}
 12255 | D:12     | Reached skill level 15 in Axes
 12275 | D:12     | Noticed a four-headed hydra
 12298 | D:12     | Killed a one-headed hydra
 12298 | D:12     | Reached ****** piety under Okawaru
 12560 | D:12     | Gained mutation: You regenerate magic rapidly. [demonic
                  | ancestry]
 12560 | D:12     | Reached XP level 13. HP: 91/91 MP: 17/17
 12708 | D:12     | Noticed Nessos
 12735 | D:12     | Killed Nessos
 13019 | D:12     | Identified the +8 falchion of Psychosis {chaos, rElec Str+4
                  | Int+4 SInv}
 13213 | D:13     | Identified the +3 buckler of Painted Contentment {Harm
                  | Dex+4} (Okawaru gifted it to you on level 13 of the
                  | Dungeon)
 13213 | D:13     | Received a gift from Okawaru
 13757 | D:13     | Found a gate to the Vaults.
 14371 | D:14     | Noticed a fire dragon
 14383 | D:14     | Killed a fire dragon
 14384 | D:14     | Reached skill level 6 in Fighting
 14527 | D:14     | Identified the +4 ring mail of the Grinning Gods {+Inv
                  | rElec Str-3} (Okawaru gifted it to you on level 14 of the
                  | Dungeon)
 14527 | D:14     | Received a gift from Okawaru
 14528 | D:14     | Reached skill level 7 in Fighting
 14720 | D:15     | Entered Level 15 of the Dungeon
 14720 | D:15     | Found a staircase to the Depths.
 14728 | D:15     | Reached XP level 14. HP: 96/103 MP: 16/18
 14742 | D:15     | Reached skill level 8 in Fighting
 15009 | D:15     | Found a sparkling altar of Nemelex Xobeh.
 15279 | D:15     | Reached skill level 9 in Fighting
 15853 | Lair:1   | Entered Level 1 of the Lair of Beasts
 16604 | Lair:2   | Reached skill level 10 in Fighting
 16636 | Lair:2   | Noticed Amaemon
 16649 | Lair:2   | Killed Amaemon
 16811 | Lair:2   | Received a gift from Okawaru
 17064 | Lair:2   | Reached skill level 10 in Invocations
 17810 | Lair:3   | Reached skill level 11 in Fighting
 18358 | Lair:4   | Found a staircase to the Swamp.
 18393 | Lair:4   | Found a staircase to the Snake Pit.
 18414 | Lair:4   | Received a gift from Okawaru
 19015 | Lair:5   | Reached XP level 15. HP: 119/119 MP: 16/23
 19095 | Lair:5   | Found a frozen archway.
 19119 | IceCv    | Entered an ice cave
 19150 | IceCv    | Reached skill level 12 in Fighting
 19417 | IceCv    | Identified the amulet of the Doge {RegenMP rElec rF- Dex+3}
 19534 | IceCv    | Received a gift from Okawaru
 19944 | Lair:5   | Found the +8 longbow "Zephyr" {speed, Dex+3 SInv}
 19981 | Lair:5   | Identified the ring of Zin's Whim {Drain rElec Will+ Str+3
                  | Int+6}
 20063 | Lair:6   | Entered Level 6 of the Lair of Beasts
 20251 | Lair:6   | Reached skill level 13 in Fighting
 20496 | Lair:6   | Received a gift from Okawaru
 20506 | Lair:6   | Found a burning altar of Makhleb.
 20560 | Lair:6   | Found a gateway to Hell.
 20683 | Lair:6   | Found a staircase to the Slime Pits.
 20683 | Lair:6   | Found a viscous altar of Jiyva.
 20714 | Lair:6   | Reached skill level 14 in Fighting
 21409 | Orc:1    | Entered Level 1 of the Orcish Mines
 21648 | Orc:1    | You fall into a shaft and drop 1 floor!
 21648 | Orc:2    | Entered Level 2 of the Orcish Mines
 21768 | Orc:1    | Found Zoblat's Assorted Antiques.
 21791 | Orc:1    | Bought a scroll of fear for 91 gold pieces
 21791 | Orc:1    | Bought a wand of iceblast (5) for 104 gold pieces
 21791 | Orc:1    | Bought a tin of tremorstones (2/2) for 1040 gold pieces
 21791 | Orc:1    | Bought a potion of heal wounds for 130 gold pieces
 21957 | Orc:2    | Found a staircase to the Elven Halls.
 22135 | Orc:2    | Reached skill level 5 in Armour
 22291 | Orc:2    | Reached skill level 1 in Evocations
 22306 | Orc:2    | Found Mimeuvuqe's Jewellery Boutique.
 22306 | Orc:2    | Found Soss's Distillery.
 22311 | Orc:2    | Found Nazaz Pistresh's Armour Shop.
 22338 | Orc:2    | Found Peebb's General Store.
 22621 | Orc:2    | Bought a potion of might for 48 gold pieces
 22621 | Orc:2    | Bought 2 potions of heal wounds for 120 gold pieces
 22621 | Orc:2    | Bought a potion of might for 48 gold pieces
 22621 | Orc:2    | Bought a potion of curing for 36 gold pieces
 22621 | Orc:2    | Bought a potion of curing for 36 gold pieces
 22623 | Orc:2    | Bought the ring of Tug Nyoq {rN+ Will++ Str+2} for 712 gold
                  | pieces
 22643 | Orc:2    | Bought 2 potions of heal wounds for 130 gold pieces
 22643 | Orc:2    | Bought 4 curare-tipped darts for 31 gold pieces
 22858 | Elf:1    | Entered Level 1 of the Elven Halls
 22858 | Elf:1    | You fall into a shaft and drop 1 floor!
 23115 | Elf:2    | Gained mutation: You are completely covered in slimy green
                  | scales. (AC +4, rPois) [demonic ancestry]
 23115 | Elf:2    | Reached XP level 16. HP: 116/133 MP: 25/25
 23245 | Elf:2    | Found a runed translucent gate.
 23245 | Elf:2    | Found a runed translucent gate.
 23246 | Elf:2    | Found a runed translucent gate.
 23263 | Elf:2    | Identified the +0 robe of Pantheism {Will+} (Okawaru gifted
                  | it to you on level 2 of the Elven Halls)
 23263 | Elf:2    | Received a gift from Okawaru
 23336 | Elf:2    | Reached skill level 5 in Evocations
 23930 | Elf:2    | Paralysed by an air elemental for 1 turns
 24125 | Elf:2    | Identified the ring "Pagug" {Contam Fly Int+7}
 24131 | Elf:2    | Found Piduref's Antique Weapon Shop.
 24160 | Elf:2    | Noticed Donald
 24180 | Elf:2    | Killed Donald
 24612 | Elf:1    | Identified the +10 fustibalus "Pigum" {speed, rF+ rN+
                  | Int-3} (Okawaru gifted it to you on level 1 of the Elven
                  | Halls)
 24612 | Elf:1    | Received a gift from Okawaru
 24700 | Elf:1    | Paralysed by an air elemental for 1 turns
 25107 | Elf:1    | Got the Incunabulum of Success
 25441 | Elf:3    | Entered Level 3 of the Elven Halls
 25512 | Elf:3    | Reached skill level 10 in Armour
 25865 | Elf:3    | Paralysed by an air elemental for 1 turns
 25989 | Elf:3    | Reached XP level 17. HP: 119/139 MP: 26/26
 26232 | Elf:3    | Paralysed by an air elemental for 1 turns
 26240 | Elf:3    | Paralysed by an air elemental for 1 turns
 26503 | Elf:3    | Noticed a deep elf blademaster
 26527 | Elf:3    | Killed a deep elf blademaster
 26745 | Elf:3    | Received a gift from Okawaru
 27114 | Elf:3    | Identified the +10 hand axe of Growth {antimagic, Stlth+}
 27237 | Elf:3    | Identified the +11 long sword of Winter {protect, Will+
                  | SInv}
 27277 | Elf:3    | Identified the +1 chain mail of Marbles {Rampage Will+}
 27277 | Elf:3    | Identified the ring "Edir" {Fly rPois EV+4}
 27277 | Elf:3    | Noticed a deep elf blademaster
 27280 | Elf:3    | Noticed a deep elf master archer
 27282 | Elf:3    | Noticed a deep elf master archer
 27292 | Elf:3    | Noticed a Brimstone Fiend
 27297 | Elf:3    | Killed a deep elf master archer
 27306 | Elf:3    | Killed a deep elf master archer
 27310 | Elf:3    | Killed a deep elf blademaster
 27396 | Elf:3    | Identified the +8 trident "Ezookil" {distort, rC+ Int+5}
 27396 | Elf:3    | Identified the amulet of Cymiqu {rPois rN+ Regen+ Str+3
                  | Slay+2}
 27397 | Elf:3    | Identified the +11 hand axe of Freehold {spect, Stlth+}
                  | (Okawaru gifted it to you on level 3 of the Elven Halls)
 27397 | Elf:3    | Received a gift from Okawaru
 27399 | Elf:3    | Identified the +8 rapier "Ofal Ank" {vorpal, rF+ Stlth+}
 27656 | Elf:3    | Got the Compendium of Torrid Stones
 27766 | Elf:3    | Found the +9 heavy crossbow "Sniper" {vorpal, Acc+∞ SInv}
 27776 | Elf:3    | Got Sif Muna's Almanac of Aerial Flames
 27783 | Elf:3    | Identified the +2 pair of boots of Love and Death {Stlth+}
 28135 | Swamp:1  | Entered Level 1 of the Swamp
 28714 | Swamp:1  | Identified the +10 plate armour "Miory" {Will+} (Okawaru
                  | gifted it to you on level 1 of the Swamp)
 28714 | Swamp:1  | Received a gift from Okawaru
 29386 | Swamp:2  | Identified the +3 chain mail "Cirhergh" {Int+2}
 29522 | Swamp:2  | Noticed Louise
 29551 | Swamp:2  | Killed Louise
 30145 | Swamp:3  | Identified the +1 ring mail "Ciqoep" {rPois Int+2 Stlth+}
 30234 | Swamp:3  | Gained mutation: When hurt, damage is shared between your
                  | health and your magic reserves. [demonic ancestry]
 30234 | Swamp:3  | Reached XP level 18. HP: 145/146 MP: 27/27
 30399 | Swamp:4  | Entered Level 4 of the Swamp
 30413 | Swamp:4  | Reached skill level 15 in Armour
 30440 | Swamp:4  | Reached skill level 10 in Evocations
 30470 | Swamp:4  | Noticed a tentacled monstrosity
 30488 | Swamp:4  | Killed a tentacled monstrosity
 30591 | Swamp:4  | Reached skill level 5 in Dodging
 30756 | Swamp:4  | Received a gift from Okawaru
 30807 | Swamp:4  | Got a decaying rune of Zot
 31254 | Snake:1  | Entered Level 1 of the Snake Pit
 31490 | Snake:1  | Identified the +5 war axe of Chance {vorpal, Dex+3}
                  | (Okawaru gifted it to you on level 1 of the Snake Pit)
 31490 | Snake:1  | Received a gift from Okawaru
 32029 | Snake:2  | Noticed Aizul
 32048 | Snake:2  | Killed Aizul
 32168 | Snake:2  | Noticed Jorgrun
 32185 | Snake:2  | Killed Jorgrun
 32296 | Snake:2  | Found Docaf's Magic Scroll Emporium.
 32304 | Snake:2  | Bought a scroll of teleportation for 45 gold pieces
 32304 | Snake:2  | Bought a scroll of enchant armour for 112 gold pieces
 32997 | Snake:3  | Received a gift from Okawaru
 33127 | Snake:3  | Noticed Mara
 33141 | Snake:3  | Noticed rocky1's illusion
 33146 | Snake:3  | Noticed rocky1's illusion
 33172 | Snake:3  | Killed Mara
 33715 | Snake:3  | Noticed Bai Suzhen
 33733 | Snake:3  | Killed Bai Suzhen
 33970 | Snake:3  | Noticed Azrael
 33985 | Snake:3  | Killed Azrael
 34137 | Snake:4  | Entered Level 4 of the Snake Pit
 34145 | Snake:4  | Gained mutation: You have a pair of large horns on your
                  | head. [demonic ancestry]
 34145 | Snake:4  | Reached XP level 19. HP: 151/152 MP: 28/28
 34650 | Snake:4  | Reached skill level 15 in Shields
 35086 | Snake:4  | Got a serpentine rune of Zot
 35955 | Vaults:1 | Entered Level 1 of the Vaults
 36411 | Vaults:1 | Received a gift from Okawaru
 36545 | Vaults:1 | Noticed Asterion
 36563 | Vaults:1 | Killed Asterion
 36839 | Vaults:1 | Received a gift from Okawaru
 36950 | Vaults:1 | Found Kugosesis's Weapon Boutique.
 37006 | Vaults:1 | Noticed Nikola
 37020 | Vaults:1 | Killed Nikola
 37208 | Vaults:1 | Reached XP level 20. HP: 152/159 MP: 27/29
 37390 | Vaults:2 | Found Gous's Antique Armour Emporium.
 37593 | Vaults:2 | Acquired 1016 gold pieces
 37595 | Vaults:2 | Acquired 810 gold pieces
 37597 | Vaults:2 | Acquired a manual of Maces & Flails
 37599 | Vaults:2 | Acquired a manual of Evocations
 37601 | Vaults:2 | Acquired a manual of Fighting
 37668 | Vaults:2 | Reached skill level 15 in Fighting
 38017 | Vaults:2 | Identified the amulet "Qaireiwer" {Acrobat Str+2 Int+4}
 38257 | Vaults:2 | Reached skill level 16 in Fighting
 38468 | Vaults:2 | Reached skill level 17 in Fighting
 38559 | Vaults:2 | Found a staircase to the Crypt.
 38640 | Crypt:1  | Entered Level 1 of the Crypt
 38806 | Crypt:1  | Received a gift from Okawaru
 38806 | Crypt:1  | Found the +14 obsidian axe {vorpal, Mesm Drain Fly SInv}
 38863 | Crypt:1  | Reached skill level 18 in Fighting
 39205 | Crypt:1  | Identified the +4 ring mail of Marbles {rElec rN++ Str+2
                  | Stlth-}
 39828 | Crypt:2  | Reached skill level 19 in Fighting
 40017 | Crypt:2  | Identified the ring "Caunair Xous" {Ice rN+ Str+4}
 40017 | Crypt:2  | Noticed Josephina
 40037 | Crypt:2  | Killed Josephina
 40303 | Crypt:2  | Found a runed translucent gate.
 40304 | Crypt:2  | Found a runed translucent gate.
 40305 | Crypt:2  | Found a runed translucent gate.
 40306 | Crypt:2  | Noticed Jetyrhek's ghost (veteran GrEE)
 40565 | Crypt:2  | Identified the +4 war axe "Xale" {vorpal, rElec rCorr}
                  | (Okawaru gifted it to you on level 2 of the Crypt)
 40565 | Crypt:2  | Received a gift from Okawaru
 40576 | Crypt:2  | Killed Jetyrhek's ghost
 40577 | Crypt:2  | Reached skill level 20 in Fighting
 40640 | Crypt:3  | Entered Level 3 of the Crypt
 40683 | Crypt:2  | Found a basalt altar of Yredelemnul.
 40936 | Crypt:3  | Gained mutation: When low on magic, you restore magic in
                  | place of health. [demonic ancestry]
 40936 | Crypt:3  | Reached XP level 21. HP: 179/183 MP: 28/30
 41076 | Crypt:3  | Received a gift from Okawaru
 41273 | Crypt:3  | Found an ancient bone altar of Kikubaaqudgha.
 41274 | Crypt:3  | Noticed an ancient lich
 41280 | Crypt:3  | Killed an ancient lich
 41531 | Crypt:3  | Reached skill level 15 in Evocations
 41924 | Crypt:3  | Found a staircase to the Tomb.
 42001 | Crypt:3  | Received a gift from Okawaru
 43165 | Vaults:3 | Identified the +1 pair of boots of Circular Logic {Str+4}
 43615 | Vaults:3 | Noticed Frederick
 43620 | Vaults:3 | Noticed Zenata
 43627 | Vaults:3 | Killed Frederick
 43639 | Vaults:3 | Killed Zenata
 44050 | Vaults:3 | Identified the +3 scale mail "Gotisipp" {rElec Regen+ Str-5
                  | Stlth+} (Okawaru gifted it to you on level 3 of the Vaults)
 44050 | Vaults:3 | Received a gift from Okawaru
 44516 | Vaults:4 | Noticed Boris
 44537 | Vaults:4 | Killed Boris
 45076 | Vaults:4 | Gained mutation: You punish those that try to bend your
                  | will. (Will+) [demonic ancestry]
 45076 | Vaults:4 | Reached XP level 22. HP: 182/190 MP: 29/31
 45174 | Vaults:4 | Noticed Jory
 45195 | Vaults:4 | Killed Jory
 45271 | Vaults:4 | Acquired the +4 plate armour of Ymoidog Duest {rN+ Dex+3}
 45998 | Depths:1 | Entered Level 1 of the Depths
 46066 | Depths:1 | Found a portal to a secret trove of treasure.
 46135 | Depths:1 | You paid a toll of 17 potions of curing to enter a treasure
                  | trove
 46136 | Trove    | Entered a treasure trove
 46353 | D:8      | Bought a manual of Dodging for 960 gold pieces
 46353 | D:8      | Bought a manual of Spellcasting for 960 gold pieces
 46535 | Depths:1 | Found a one-way gate to the infinite horrors of the Abyss.
 46568 | Depths:1 | Noticed a caustic shrike
 46569 | Depths:1 | Noticed a caustic shrike
 46571 | Depths:1 | Noticed a caustic shrike
 46571 | Depths:1 | Noticed a caustic shrike
 46575 | Depths:1 | Noticed a caustic shrike
 46585 | Depths:1 | Killed a caustic shrike
 46601 | Depths:1 | Killed a caustic shrike
 46601 | Depths:1 | Received a gift from Okawaru
 46610 | Depths:1 | Killed a caustic shrike
 46616 | Depths:1 | Killed a caustic shrike
 46617 | Depths:1 | Killed a caustic shrike
 46822 | Depths:1 | Found the +5 demon whip "Spellbinder" {antimagic, Will+}
 46956 | Depths:1 | Found a one-way gateway to a ziggurat.
 47085 | Depths:1 | Noticed Boris
 47097 | Depths:1 | Killed Boris
 47131 | Depths:1 | Found a shimmering altar of Xom.
 47134 | Depths:1 | Found a shimmering altar of Xom.
 47134 | Depths:1 | Found a shimmering altar of Xom.
 47137 | Depths:1 | Found a shimmering altar of Xom.
 47239 | Depths:1 | Found Apriv's Distillery.
 47244 | Depths:1 | Bought a potion of curing for 45 gold pieces
 47244 | Depths:1 | Bought a potion of mutation for 120 gold pieces
 47244 | Depths:1 | Bought a potion of curing for 45 gold pieces
 47244 | Depths:1 | Bought 2 potions of mutation for 240 gold pieces
 47244 | Depths:1 | Bought a potion of heal wounds for 75 gold pieces
 47270 | Depths:1 | Received a gift from Okawaru
 47655 | Depths:2 | Noticed a golden dragon
 47663 | Depths:2 | Killed a golden dragon
 47808 | Depths:2 | Noticed a juggernaut
 47823 | Depths:2 | Killed a juggernaut
 48079 | Depths:2 | Identified the +7 chain mail "Trusted Companion" {rElec
                  | rPois Slay+2}
 48149 | Depths:2 | Received a gift from Okawaru
 48450 | Depths:2 | Found a one-way gate leading to the halls of Pandemonium.
 48480 | Depths:2 | Reached XP level 23. HP: 184/198 MP: 32/32
 48653 | Depths:2 | Identified the +3 battleaxe "Conservator" {pain, Dex+3}
 49222 | Depths:3 | Found a shadowy altar of Dithmenos.
 49296 | Depths:3 | Noticed Boris
 49312 | Depths:3 | Reached skill level 21 in Fighting
 49313 | Depths:3 | Killed Boris
 49341 | Depths:3 | Identified the amulet "Nyelips Casm" {Spirit Slay+2}
 49383 | Depths:3 | Noticed a juggernaut
 49910 | Depths:3 | Identified the +2 leather armour of Vehumet's Approval
                  | {rPois}
 49933 | Depths:3 | Identified the +3 spear "Nuittiqoo" {vamp, rPois Str+2
                  | Stlth+} (Okawaru gifted it to you on level 3 of the Depths)
 49933 | Depths:3 | Received a gift from Okawaru
 50212 | Depths:3 | Reached skill level 22 in Fighting
 50731 | Depths:3 | Killed a juggernaut
 50864 | Depths:3 | Identified the +2 cloak of Fashionability {Dex+6}
 50879 | Depths:3 | Noticed a dread lich
 50885 | Depths:3 | Noticed the Enchantress
 50892 | Depths:3 | Killed a dread lich
 50901 | Depths:3 | Identified the +9 crystal plate armour "Poliamub" {Int+5}
                  | (Okawaru gifted it to you on level 3 of the Depths)
 50901 | Depths:3 | Received a gift from Okawaru
 50922 | Depths:3 | Reached skill level 23 in Fighting
 50931 | Depths:3 | Killed the Enchantress
 51017 | Depths:3 | Found a broken altar of Ashenzari.
 51124 | Depths:3 | Found an iron altar of Okawaru.
 51411 | Depths:4 | Entered Level 4 of the Depths
 51760 | Depths:4 | Gained mutation: You are resistant to unholy torment.
                  | [demonic ancestry]
 51760 | Depths:4 | Reached XP level 24. HP: 203/214 MP: 30/32
 51911 | Depths:4 | Identified the +0 cloak of the Bulwark {+Blink rPois Str+4
                  | Stlth-}
 51927 | Depths:4 | Noticed a juggernaut
 51937 | Depths:4 | Killed a juggernaut
 51957 | Depths:4 | Found a gate to the Realm of Zot.
 52359 | Depths:4 | Acquired a +1 vampiric executioner's axe
 52821 | Vaults:5 | Entered Level 5 of the Vaults
 52834 | Vaults:5 | Reached skill level 10 in Dodging
 52858 | Vaults:5 | Identified the +2 pair of gloves "Hueweudav" {Fly Int+9
                  | Slay-3} (Okawaru gifted it to you on level 5 of the Vaults)
 52858 | Vaults:5 | Received a gift from Okawaru
 53036 | Vaults:5 | Noticed Margery
 53059 | Vaults:5 | Killed Margery
 53730 | Vaults:5 | Identified the +10 bardiche "Zoseuwob" {vorpal, rElec Int+3
                  | Dex+4}
 54008 | Vaults:5 | Identified the +6 hand axe "Fosaham" {vorpal, Will+ Str+2}
 54230 | Vaults:5 | Identified the ring of Nom Beck {rPois rC+}
 54323 | Vaults:5 | Got a silver rune of Zot
 54539 | Vaults:5 | Received a gift from Okawaru
 54968 | Vaults:4 | Upgraded the game from 0.29-a0-321-gf1c400731a to
                  | 0.29-a0-322-g68df515428
 55286 | Zot:1    | Entered Level 1 of the Realm of Zot
 56073 | Zot:1    | Reached XP level 25. HP: 221/221 MP: 32/32
 56353 | Zot:1    | Reached skill level 15 in Dodging
 56715 | Zot:2    | Noticed a Killer Klown
 56715 | Zot:2    | Noticed a Killer Klown
 56744 | Zot:2    | Killed a Killer Klown
 56761 | Zot:2    | a Killer Klown changed into an acid blob
 57913 | Zot:3    | Received a gift from Okawaru
 58358 | Zot:3    | Noticed an orb of fire
 58378 | Zot:3    | Killed an orb of fire
 59139 | Zot:4    | Received a gift from Okawaru
 59545 | Zot:4    | Noticed an orb of fire
 59545 | Zot:4    | Noticed a Killer Klown
 59545 | Zot:4    | a Killer Klown changed into a rockslime
 59566 | Zot:4    | Killed an orb of fire
 60508 | Zot:4    | Reached XP level 26. HP: 216/228 MP: 31/32
 60535 | Zot:4    | Received a gift from Okawaru
 60812 | Zot:5    | Entered Level 5 of the Realm of Zot
 61377 | Zot:5    | Noticed an ancient lich
 61387 | Zot:5    | Killed an ancient lich
 61464 | Zot:5    | Noticed a dread lich
 61480 | Zot:5    | Killed a dread lich
 61607 | Zot:5    | Noticed a dread lich
 61609 | Zot:5    | Noticed an orb of fire
 61611 | Zot:5    | Gained mutation: You are frail. (-10% HP) [an orb of fire]
 61636 | Zot:5    | Killed an orb of fire
 61646 | Zot:5    | Killed a dread lich
 61736 | Zot:5    | Identified the +8 broad axe "Attog" {venom, rC- rN+ Dex+3}
                  | (Okawaru gifted it to you on level 5 of the Realm of Zot)
 61736 | Zot:5    | Received a gift from Okawaru
 61814 | Zot:5    | Noticed an orb of fire
 61831 | Zot:5    | Killed an orb of fire
 61970 | Zot:5    | Noticed an ancient lich
 61986 | Zot:5    | Killed an ancient lich
 62254 | Zot:5    | Noticed a dread lich
 62282 | Zot:5    | Noticed an orb of fire
 62301 | Zot:5    | Killed an orb of fire
 62498 | Zot:5    | Noticed an ancient lich
 62515 | Zot:5    | Killed an ancient lich
 62630 | Zot:5    | Killed a dread lich
 62706 | Zot:5    | Lost mutation: You are frail. (-10% HP) [potion of
                  | mutation]
 62706 | Zot:5    | Gained mutation: You possess an exceptional clarity of
                  | mind. [potion of mutation]
 63299 | Slime:1  | Entered Level 1 of the Pits of Slime
 63320 | Slime:1  | Identified the +9 broad axe "Jetus" {flame, rF+ Int+2}
                  | (Okawaru gifted it to you on level 1 of the Pits of Slime)
 63320 | Slime:1  | Received a gift from Okawaru
 63954 | Slime:2  | Found a viscous altar of Jiyva.
 64828 | Slime:3  | Reached skill level 1 in Spellcasting
 64847 | Slime:3  | Gained mutation: You are frail. (-10% HP) [a shining eye]
 64854 | Slime:3  | Gained mutation: You do not regenerate when monsters are
                  | visible. [a shining eye]
 64855 | Slime:3  | Gained mutation: You have hidden genetic defects. [a
                  | shining eye]
 64857 | Slime:3  | Gained mutation: Your body sometimes deteriorates upon
                  | taking damage. [a shining eye]
 64860 | Slime:3  | Paralysed by a floating eye for 3 turns
 64878 | Slime:3  | Lost mutation: Your body sometimes deteriorates upon taking
                  | damage. [potion of mutation]
 64878 | Slime:3  | Lost mutation: You do not regenerate when monsters are
                  | visible. [potion of mutation]
 64878 | Slime:3  | Lost mutation: You have hidden genetic defects. [potion of
                  | mutation]
 64878 | Slime:3  | Lost mutation: You are frail. (-10% HP) [potion of
                  | mutation]
 65191 | Slime:3  | Gained mutation: You can hurl damnation. [demonic ancestry]
 65191 | Slime:3  | Reached XP level 27. HP: 229/235 MP: 31/32
 65346 | Slime:4  | Gained mutation: You are occasionally teleported next to
                  | monsters. [a shining eye]
 65350 | Slime:4  | Gained mutation: Your magical capacity is low. (-10% MP) [a
                  | shining eye]
 65540 | Slime:4  | Gained mutation: Potions are less effective at restoring
                  | your health. [a shining eye]
 65553 | Slime:4  | Identified the +0 pair of gloves "Hofynt" {+Inv rN+ Int-4}
                  | (Okawaru gifted it to you on level 4 of the Pits of Slime)
 65553 | Slime:4  | Received a gift from Okawaru
 65776 | Slime:5  | Entered Level 5 of the Pits of Slime
 65829 | Slime:5  | Gained mutation: You are frail. (-10% HP) [a shining eye]
 65830 | Slime:5  | Gained mutation: You are sometimes teleported next to
                  | monsters. [a shining eye]
 65830 | Slime:5  | Noticed the Royal Jelly
 65834 | Slime:5  | Lost mutation: You possess an exceptional clarity of mind.
                  | [a shining eye]
 65839 | Slime:4  | Lost mutation: You are sometimes teleported next to
                  | monsters. [potion of mutation]
 65839 | Slime:4  | Lost mutation: You are frail. (-10% HP) [potion of
                  | mutation]
 65839 | Slime:4  | Gained mutation: You have a somewhat thin skeletal
                  | structure. (Dex +2, Stealth+) [potion of mutation]
 65839 | Slime:4  | Gained mutation: You expend magic power (3 MP) to
                  | strengthen your wands. [potion of mutation]
 65840 | Slime:4  | Lost mutation: Potions are less effective at restoring your
                  | health. [potion of mutation]
 65840 | Slime:4  | Lost mutation: You have a somewhat thin skeletal structure.
                  | (Dex +2, Stealth+) [potion of mutation]
 65840 | Slime:4  | Gained mutation: You possess an exceptional clarity of
                  | mind. [potion of mutation]
 65840 | Slime:4  | Gained mutation: Potions are less effective at restoring
                  | your health. [potion of mutation]
 65840 | Slime:4  | Gained mutation: Armour fits poorly on your strangely
                  | shaped body. [potion of mutation]
 65840 | Slime:4  | Gained mutation: You are agile. (Dex +2) [potion of
                  | mutation]
 65842 | Slime:4  | Lost mutation: You expend magic power (3 MP) to strengthen
                  | your wands. [potion of mutation]
 65842 | Slime:4  | Lost mutation: Armour fits poorly on your strangely shaped
                  | body. [potion of mutation]
 65842 | Slime:4  | Gained mutation: You have sharp toenails. [potion of
                  | mutation]
 65843 | Slime:4  | Lost mutation: You are occasionally teleported next to
                  | monsters. [potion of mutation]
 65843 | Slime:4  | Lost mutation: You have sharp toenails. [potion of
                  | mutation]
 65843 | Slime:4  | Gained mutation: You are dopey. (Int -2) [potion of
                  | mutation]
 65843 | Slime:4  | Gained mutation: You are very agile. (Dex +4) [potion of
                  | mutation]
 65844 | Slime:4  | Lost mutation: You are dopey. (Int -2) [potion of mutation]
 65844 | Slime:4  | Lost mutation: You possess an exceptional clarity of mind.
                  | [potion of mutation]
 65844 | Slime:4  | Lost mutation: Potions are less effective at restoring your
                  | health. [potion of mutation]
 65844 | Slime:4  | Gained mutation: You have large cloven feet. [potion of
                  | mutation]
 65923 | Slime:5  | Gained mutation: Your flesh is heat resistant. (rF+) [a
                  | shining eye]
 65974 | Slime:5  | Killed the Royal Jelly
 65978 | Slime:5  | Reached skill level 5 in Spellcasting
 66168 | Slime:5  | Identified the ring of Fysejai {rElec MP+9 Str-4 Dex+9}
 66177 | Slime:5  | Got the Incunabulum of Toxic Displacement
 66181 | Slime:5  | Identified the +8 scimitar of Glory {vorpal, rElec rPois
                  | Str+5}
 66262 | Slime:5  | Got a slimy rune of Zot
 66438 | Slime:5  | Gained mutation: You tend to lose your temper in combat. [a
                  | shining eye]
 66724 | Slime:3  | Lost mutation: You are very agile. (Dex +4) [potion of
                  | mutation]
 66724 | Slime:3  | Lost mutation: Your flesh is heat resistant. (rF+) [potion
                  | of mutation]
 66724 | Slime:3  | Gained mutation: Your system is resistant to poisons.
                  | (rPois) [potion of mutation]
 66724 | Slime:3  | Gained mutation: Your spells are a little harder to cast,
                  | but a little more powerful. [potion of mutation]
 66724 | Slime:3  | Gained mutation: You are covered in fur. (AC +1) [potion of
                  | mutation]
 66725 | Slime:3  | Lost mutation: You are agile. (Dex +2) [potion of mutation]
 66725 | Slime:3  | Lost mutation: Your spells are a little harder to cast, but
                  | a little more powerful. [potion of mutation]
 66725 | Slime:3  | Lost mutation: Your system is resistant to poisons. (rPois)
                  | [potion of mutation]
 66725 | Slime:3  | Gained mutation: You are frail. (-10% HP) [potion of
                  | mutation]
 66725 | Slime:3  | Gained mutation: You are somewhat resistant to further
                  | mutation. [potion of mutation]
 66725 | Slime:3  | Gained mutation: You expend magic power (3 MP) to
                  | strengthen your wands. [potion of mutation]
 66725 | Slime:3  | Gained mutation: You have a somewhat thin skeletal
                  | structure. (Dex +2, Stealth+) [potion of mutation]
 66726 | Slime:3  | Lost mutation: You expend magic power (3 MP) to strengthen
                  | your wands. [potion of mutation]
 66726 | Slime:3  | Lost mutation: Your magical capacity is low. (-10% MP)
                  | [potion of mutation]
 66726 | Slime:3  | Lost mutation: You have large cloven feet. [potion of
                  | mutation]
 66726 | Slime:3  | Lost mutation: You have a somewhat thin skeletal structure.
                  | (Dex +2, Stealth+) [potion of mutation]
 66727 | Slime:3  | Lost mutation: You are somewhat resistant to further
                  | mutation. [potion of mutation]
 66727 | Slime:3  | Lost mutation: You are frail. (-10% HP) [potion of
                  | mutation]
 66727 | Slime:3  | Lost mutation: You are covered in fur. (AC +1) [potion of
                  | mutation]
 66727 | Slime:3  | Gained mutation: You are frail. (-10% HP) [potion of
                  | mutation]
 66727 | Slime:3  | Gained mutation: Your mind is acute. (Int +2) [potion of
                  | mutation]
 66727 | Slime:3  | Gained mutation: You expend magic power (3 MP) to
                  | strengthen your wands. [potion of mutation]
 66728 | Slime:3  | Lost mutation: You expend magic power (3 MP) to strengthen
                  | your wands. [potion of mutation]
 66728 | Slime:3  | Lost mutation: Your mind is acute. (Int +2) [potion of
                  | mutation]
 66728 | Slime:3  | Lost mutation: You are frail. (-10% HP) [potion of
                  | mutation]
 66728 | Slime:3  | Gained mutation: You have hidden genetic defects. [potion
                  | of mutation]
 66728 | Slime:3  | Gained mutation: You are robust. (+10% HP) [potion of
                  | mutation]
 66728 | Slime:3  | Gained mutation: You do not regenerate when monsters are
                  | visible. [potion of mutation]
 66728 | Slime:3  | Gained mutation: Your flesh is cold resistant. (rC+)
                  | [potion of mutation]
 66729 | Slime:3  | Lost mutation: Your flesh is cold resistant. (rC+) [potion
                  | of mutation]
 66729 | Slime:3  | Lost mutation: You tend to lose your temper in combat.
                  | [potion of mutation]
 66729 | Slime:3  | Gained mutation: You are dopey. (Int -2) [potion of
                  | mutation]
 66729 | Slime:3  | Gained mutation: You are weak. (Str -2) [potion of
                  | mutation]
 66729 | Slime:3  | Gained mutation: You have sharp toenails. [potion of
                  | mutation]
 67393 | Zot:5    | Got the Orb of Zot
 67968 | D:4      | Noticed Umiuhaoh the pandemonium lord
 68020 | D:4      | Killed Umiuhaoh the pandemonium lord
 68189 | D:$      | Escaped with the Orb!

Illustrated notes

Levels and vault maps discovered:
D:1:      lightli_arrival_quake, layout_rooms, serial_glass, glass_columns_b,
          glass_columns_a, glass_columns_b, glass_columns_b, glass_columns_a,
          glass_columns_a, glass_columns_a, glass_columns_a, glass_columns_c,
          glass_columns_a, glass_columns_b, glass_columns_c, glass_columns_b,
          glass_columns_b, basic_ecumenical_altar
D:2:      layout_basic, corexii_item_surrounded_by_moat
D:3:      layout_rooms
D:4:      minmay_razor_zed, layout_basic, mainiacjoe_overflow_catwalk,
          nicolae_ossuary_entry_monument, nzn_random_ring
D:5:      layout_loops_corners, nicolae_shop_firing_range
D:6:      layout_loops_corners, mainiacjoe_overflow_small_starburst,
          minmay_temple_entry_glass, serial_shops, nicolae_stop_n_shop_1,
          ebering_ghost_sewer_d, minivault_23
D:7:      layout_cave_pools, mainiacjoe_overflow_catch_the_wave, serial_shops,
          nicolae_shop_waterfront, kennysheep_decorative_pillar
D:8:      hangedman_cross_stitches, layout_basic, led_sif_book,
          minmay_misc_feat_five, nicolae_shop_self_help, uniq_erica, uniq_joseph
D:9:      nicolae_cairo_tiling_large, layout_rooms,
          mainiacjoe_overflow_boulevard,
          mainiacjoe_overflow_concentric_impassable, nicolae_ashenzari_skybound,
          grunt_lair_entry_orc_guard_hut
D:10:     layout_layer_cave, jmf_multi_god_temple2, serial_ice, serial_ice_o,
          serial_ice_i, serial_ice_m, serial_ice_a, serial_ice_b, serial_ice_d,
          serial_ice_f, serial_ice_e, serial_ice_h, serial_ice_g, uniq_snorg
D:11:     minmay_inside_and_out, layout_loops_ring, orc_0_dummy, uniq_fannar
D:12:     layout_small_grid, minmay_hollow_rounded_squares, uniq_nessos
D:13:     layout_basic, grunt_vaults_entry_tiered
D:14:     layout_cave_pools, pf_eden
D:15:     gammafunk_depths_entry_grave, layout_irregular_city,
          nemelex_spade_bored_becter
Temple:   hc_temple_tempest_star
Lair:1:   layout_chaotic_city, grunt_megastairs_3
Lair:2:   layout_regular_city, serial_bayou_shore_b, lemuel_fruit_fields,
          uniq_amaemon
Lair:3:   layout_concentric_octagons, grunt_megastairs_4
Lair:4:   layout_hall_layers, swamp_mist, guppyfry_snake_entry_island
Lair:5:   layout_cave_shapes, portal_ice_cave_entry_ice_simulacra,
          minmay_lindwurm_lava
Lair:6:   evil_forest, layout_regular_city, slime_altar_1, lemuel_fruit_tree
Swamp:1:  layout_basic_swamp, nicolae_swamp_some_circles, swamp_pool4
Swamp:2:  layout_falls_marsh, evilmike_swamp_ruin_house_5, uniq_louise
Swamp:3:  layout_basic_swamp, evilmike_swamp_ruin_house_3,
          nicolae_swamp_well_well_well, infiniplex_staircase_pool_2
Swamp:4:  swamp_alternative, layout_basic_swamp, infiniplex_staircase_pool
Snake:1:  layout_misc_corridors
Snake:2:  layout_cave_town, serial_shops, shop, uniq_jorgrun, uniq_aizul
Snake:3:  layout_gridlike, uniq_bai_suzhen, uniq_mara, uniq_azrael
Snake:4:  minmay_snake_end_coiled, layout_misc_corridors, serial_bayou_pond_c
Slime:1:  layout_caves
Slime:2:  layout_caves, basic_altar, nicolae_slime_phagocytosis
Slime:3:  layout_caves
Slime:4:  layout_caves
Slime:5
Orc:1:    layout_caves, serial_shops,
          nicolae_shop_temple_entry_statues_fountains
Orc:2:    st_orc_mages, layout_caves
Elf:1:    eino_elf_arrival_sip, layout_geoelf_diagonals, minmay_elf_sorcery,
          grunt_megastairs_5
Elf:2:    elven_hall_of_blades_hangedman_original [nicolae_blade_tridents],
          layout_geoelf_octagon, serial_shops, nicolae_shop_hallway_stairs,
          minivault_24, uniq_donald
Elf:3:    elf_hall, layout_geoelf_castle, minivault_16
Vaults:1: v_misc_10, vaults_dpeg_spiral, grunt_vaults_hallway_short,
          nicolae_vaults_border_crossing, v_misc_10,
          ontoclasm_vaults_ring_large, vaults_room_fours,
          hangedman_vaults_unwind, hangedman_vaults_corner_blocks,
          grunt_vaults_swirl, vaults_room_stairs_pillars, grunt_vaults_bifocal,
          ontoclasm_vaults_gallery, layout_vaults_maze_bifur, serial_shops,
          nicolae_shop_bloodbath_and_beyond, uniq_nikola, uniq_asterion
Vaults:2: nicolae_vaults_display_case, vaults_standard_mumra_x,
          nicolae_vaults_mini_display_case, nicolae_vaults_network_quincunx
          [nicolae_vaults_network_quincunx_subvault,
          nicolae_vaults_network_quincunx_subvault,
          nicolae_vaults_network_quincunx_subvault,
          nicolae_vaults_network_quincunx_subvault,
          nicolae_vaults_network_quincunx_subvault],
          minmay_crypt_entry_simple_walls, v_misc_25, v_misc_2,
          vaults_standard_mumra_lines, ontoclasm_vaults_chip,
          nicolae_vaults_specimen_jars, layout_vaults_big_cross, serial_shops,
          shop
Vaults:3: nicolae_vaults_windows_and_doors_thing, nicolae_vaults_hallways_thing,
          nicolae_vaults_little_squares_6, vaults_room_stairs_pillars,
          grunt_vaults_hallway_short, grunt_vaults_twisty, vaults_dpeg_diagonal,
          ontoclasm_vaults_idyll, vaults_room_pool, vaults_room_fours,
          nicolae_vaults_alarming, nicolae_vaults_yaktaur_gun_rack, v_rooms_3,
          layout_vaults_big_room, uniq_zenata, uniq_frederick
Vaults:4: grunt_vaults_focal, v_pattern_2, ontoclasm_vaults_hangar,
          st_spiral_rooms, v_misc_18, v_misc_23,
          nicolae_vaults_little_squares_3, v_rooms_6, vaults_room_boxed,
          vaults_room_corners, ontoclasm_vaults_hangar,
          nicolae_vaults_little_squares_4, layout_vaults_ring, uniq_jory,
          uniq_boris
Vaults:5: serial_shops, uniq_margery
Crypt:1:  layout_basic, grunt_crypt_arrival_split
Crypt:2:  layout_catacombs, gammafunk_ghost_necromancy, lemuel_upstairs_altar,
          uniq_josephina
Crypt:3:  cryptofortress_bobbens
Depths:1: layout_gridlike, enter_ziggurat_a, xom_redecorated, hellmouth_1,
          abyss_entry_crystal, serial_shops, shop, enter_trove_1,
          kennysheep_four_rooms
Depths:2: minmay_isolated_rectangles_in_corner, layout_cave_pools,
          rand_demon_pan_entry_1, hangedman_tar_grid_catacomb,
          minmay_misc_feat_rugged, infiniplex_staircase_squiggle
Depths:3: grunt_profane_halls [grunt_profane_temple_dis,
          grunt_profane_temple_coc, grunt_profane_temple_tar,
          grunt_profane_temple_geh, grunt_profane_loot], hell_entry,
          abyss_entry, uniq_enchantress
Depths:4: evilmike_zot_entry_basic, layout_gridville, good_gods_mini_temple,
          hangedman_coc_ice_floe, special_room [special_room_mythical_zoo],
          grunt_megastairs_2, serial_bayou_shore_b
Zot:1:    layout_misc_corridors, nicolae_rock_paper_scissors
Zot:2:    circus_mu, layout_basic
Zot:3:    layout_basic
Zot:4:    grunt_deathspiral_small, layout_onion_interference, st_stairs_14,
          grunt_ministairs_13
Zot:5:    layout_misc_corridors

Skill      XL: |  1  2  3  4  5  6  7  8  9 10 11 12 13 14 15 16 17 18 19 20 21 22 23 24 25 26 27 |
---------------+----------------------------------------------------------------------------------+-----
Axes           | 2 3 4 5 7 9 12 15 17 | 17.8
Shields        | 3 4 5 6 9 10 14 18 19 22 | 22.0
Invocations    | 6 11 12 13 | 13.9
Maces & Flails | 3 |  3.3
Armour         | 4 6 10 14 15 17 20 22 | 22.0
Dodging        | 3 4 5 8 14 17 21 | 21.6
Fighting       | 4 5 7 11 14 20 23 | 23.1
Evocations     | 4 9 10 12 18 19 | 19.5
Spellcasting   | 2 7 |  7.5

Action                   |  1- 3 |  4- 6 |  7- 9 | 10-12 | 13-15 | 16-18 | 19-21 | 22-24 | 25-27 || total
-------------------------+-------+-------+-------+-------+-------+-------+-------+-------+-------++-------
Melee: War axe           |    96 |     8 |       |       |       |       |       |       |       ||   104
       Broad axe         |       |   129 |   186 |   474 |  1219 |  1420 |  1768 |  1612 |  1633 ||  8441
       Headbutt          |       |    13 |    33 |   110 |   260 |   297 |   579 |   562 |   558 ||  2412
       Hand axe          |       |       |       |    13 |     7 |       |       |       |       ||    20
Throw: Javelin           |       |       |     3 |       |       |     3 |       |       |       ||     6
       Dart              |       |       |     1 |     7 |       |       |     1 |       |       ||     9
Invok: Heroism           |       |       |       |     7 |     6 |     8 |     2 |     6 |     9 ||    38
       Finesse           |       |       |       |     1 |     6 |    11 |     5 |     7 |     9 ||    39
Evoke: Wand              |       |       |       |     2 |     2 |     3 |       |       |    10 ||    17
       Condenser vane    |       |       |       |       |       |     3 |     1 |     1 |     1 ||     6
       Tin of tremorston |       |       |       |       |       |     3 |     1 |     4 |       ||     8
       Lightning rod     |       |       |       |       |       |       |     2 |       |       ||     2
       Phial of floods   |       |       |       |       |       |       |       |       |     1 ||     1
  Use: Scroll            |     4 |     3 |     5 |     3 |    17 |    13 |     7 |    15 |     5 ||    72
       Potion            |       |     1 |     1 |       |     4 |     5 |     2 |     5 |    15 ||    33
 Stab: Distracted        |       |       |       |       |       |       |       |     1 |       ||     1
Armor: Scale mail        |    39 |     4 |    34 |   151 |   263 |   131 |       |       |       ||   622
       Ring mail         |       |    25 |    21 |       |       |       |       |       |       ||    46
       Chain mail        |       |       |       |       |       |   408 |   414 |   438 |    95 ||  1355
       Gold dragon scale |       |       |       |       |       |       |       |       |   267 ||   267
Dodge: Dodged            |    30 |    24 |    37 |   133 |   188 |   288 |   303 |   351 |   324 ||  1678
Block: Buckler           |    38 |    43 |    63 |   178 |   260 |       |       |       |       ||   582
       Reflection        |       |       |       |       |    16 |    37 |    40 |    35 |    27 ||   155
       Kite shield       |       |       |       |       |   254 |   726 |   955 |   898 |   822 ||  3655

Table legend: (Time is in decaauts)
 A = Elapsed time spent in this place.
 B = Non-inter-level travel time spent in this place.
 C = Inter-level travel time spent in this place.
 D = Time resting spent in this place.
 E = Time spent auto-exploring this place.
 F = Levels seen in this place.
 G = Mean time per level.
                   A        B        C        D        E       F      G
               +--------+--------+--------+--------+--------+-----+--------+
         Total |  64516 |  58491 |   6025 |  11466 |  28994 |  60 | 1075.3 |
       Dungeon |  16293 |  14378 |   1915 |   2494 |   8443 |  15 | 1086.2 |
        Temple |    300 |    273 |     27 |      0 |    234 |   1 |  300.0 |
          Lair |   5205 |   4486 |    719 |    207 |   3223 |   6 |  867.5 |
         Swamp |   3127 |   3034 |     93 |    810 |   1432 |   4 |  781.8 |
     Snake Pit |   4135 |   3959 |    176 |    772 |   2177 |   4 | 1033.8 |
    Slime Pits |   3324 |   2982 |    342 |    276 |   1739 |   5 |  664.8 |
  Orcish Mines |   1398 |   1296 |    102 |    268 |    659 |   2 |  699.0 |
   Elven Halls |   4792 |   4582 |    210 |   1396 |   1434 |   3 | 1597.3 |
        Vaults |   7413 |   6758 |    655 |    912 |   3193 |   5 | 1482.6 |
         Crypt |   3617 |   3259 |    358 |    215 |   1923 |   3 | 1205.7 |
        Depths |   6355 |   5332 |   1023 |   1336 |   1824 |   4 | 1588.8 |
           Zot |   7306 |   6907 |    399 |   2222 |   2595 |   5 | 1461.2 |
         Trove |     70 |     70 |      0 |      0 |      0 |   1 |   70.0 |
       Ossuary |    699 |    699 |      0 |    447 |      0 |   1 |  699.0 |
      Ice Cave |    475 |    475 |      0 |    109 |    116 |   1 |  475.0 |
               +--------+--------+--------+--------+--------+-----+--------+

Top non-repeatable levels by time:
   Elf:3: 2121 daAuts
   Zot:4: 2064 daAuts
Depths:3: 2027 daAuts
Vaults:5: 1918 daAuts
     D:8: 1727 daAuts
   Zot:5: 1687 daAuts
     D:4: 1650 daAuts
Depths:2: 1582 daAuts
   Elf:2: 1580 daAuts
 Crypt:3: 1579 daAuts
Depths:1: 1574 daAuts
Vaults:2: 1539 daAuts
    D:12: 1364 daAuts
 Snake:4: 1360 daAuts
   Zot:1: 1343 daAuts
